[Event "NM-Senior Hurtig 2018"]
[Site "Frimurer Logen, Norway"]
[Date "2018.11.11"]
[Round "6.1"]
[White "Borch, Alex"]
[Black "Bjerke, Richard"]
[Result "1-0"]
[TimeControl "20 + 10"]
[WhiteElo "1728"]
[BlackElo "2094"]

1. e4 e6 2. d4 d5 3. exd5 exd5 4. Bd3 Nc6 5. c3 Bd6 6. Ne2 Nge7 7. Bg5 O-O 8. Qc2 h6 9. Bh4 Be6 10.
f4 Qd7 11. Nd2 Rae8 12. O-O-O Bf5 13. Nf3 f6 14. h3 Bxd3 15. Qxd3 Nf5 16. Bf2 Re4 17. g4 Rfe8 18. Rde1 Ne3 19.
Ne5 fxe5 20. dxe5 Bxe5 21. Bxe3 Bf6 22. Bd2 Na5 23. Ng3 Rxe1+ 24. Rxe1 Rxe1+ 25. Bxe1 Nc4 26. Qe2 b5 27. Nh5 Be7 28.
b3 Ba3+ 29. Kc2 Nd6 30. Qe5 c6 31. Bf2 Qf7 32. Bd4 Ne8 33. b4 a6 34. Qe3 a5 35. Kb3 axb4 36. cxb4 c5 37. bxc5 Bxc5 1-0

[Event "NM-Senior Hurtig 2018"]
[Site "Frimurer Logen, Norway"]
[Date "2018.11.11"]
[Round "6.3"]
[White "Oldernes, Lars Arne"]
[Black "Stubrud, Jan Magne"]
[Result "1/2-1/2"]
[TimeControl "20 + 10"]
[WhiteElo "1697"]
[BlackElo "1684"]

1. d4 f5 2. c4 Nf6 3. Nc3 b6 4.
e3 Bb7 5. Nf3 e6 6. Be2 Be7 7. Ne5 d6 8. Bh5+ g6 9. Bf3 Ne4 10. Qa4+ c6 11. Nd3 Nxc3 12. bxc3 O-O 13. Nf4 Qc8 14.
Ba3 Re8 15. Nd3 e5 16. Be2 Nd7 17. Qb3 Kg7 18. Rb1 Qc7 19. c5 d5 20. cxb6 axb6 21. Bxe7 Rxe7 22. O-O Ba6 23. Rfe1 Bc4 24.
Qb4 Ree8 25. Nxe5 Nxe5 26. dxe5 b5 27. Bxc4 Ra4 28. Qb2 Rxc4 29. f4 Qb6 30.
Kf2 Rxf4+ 31. Ke2 Re4 32. Kf1 R8xe5 33. Qa3 Rxe3 34. Rxe3 Qxe3 35. Qb2 Qd3+ 36. Kg1 Re2 37. Qc1 Rxa2 38.
Qe1 Re2 39. Qf1 Qe3+ 40. Kh1 f4 41. Ra1 Kh6 42. g3 Rf2 43. Qh3+ Kg7 44. Qd7+ Kh6 45. Qh3+ Kg7 46. Qd7+ Kf6 47. Qxc6+ Kf5 48. Qxd5+ Kg4 49. Qd7+ Kg5 50. gxf4+ Kxf4 51.
Qd6+ Kf5 52. Qd5+ Kf4 53. Qd6+ Kf5 54. Qd5+ Kf4 1/2-1/2

[Event "NM-Senior Hurtig 2018"]
[Site "Frimurer Logen, Norway"]
[Date "2018.11.11"]
[Round "6.4"]
[White "Brobakken, Geir"]
[Black "Andersen, Guttorm"]
[Result "1-0"]
[TimeControl "20 + 10"]
[WhiteElo "1759"]
[BlackElo "1684"]

1. e4 e5 2. Nc3 Nf6 3. Bc4 Bb4 4. d3 Bxc3+ 5. bxc3 d5 6. exd5 Nxd5 7. Ne2 O-O 8. O-O Be6 9. Rb1 Qc8 10.
Bd2 Nb6 11. Bb3 Nc6 12. Ng3 Na5 13. f4 Nxb3 14. axb3 exf4 15. Rxf4 Nd5 16. Rf2 Qd7 17. d4 Nf6 18. h3 b5 19.
Bg5 Nd5 20. Qd2 f6 21. Be3 Qc6 22. Ne4 Nxe3 23. Qxe3 Bd5 24. Nc5 Rae8 25. Qg3 Re7 26. Ra1 Qb6 27. Ra6 Qb8 28. Raxf6 Rxf6 29.
Rxf6 Qe8 30. Rf2 c6 31. Nd3 a5 32. Ne5 a4 33. c4 bxc4 34. bxc4 Be4 35. Qa3 h6 36. Qxa4 c5 37. Qxe8+ 1-0

[Event "NM-Senior Hurtig 2018"]
[Site "Frimurer Logen, Norway"]
[Date "2018.11.11"]
[Round "6.5"]
[White "Antonsen, Frode"]
[Black "Irandoust, Babak"]
[Result "1-0"]
[TimeControl "20 + 10"]
[WhiteElo "1656"]
[BlackElo "1615"]

1. Nf3 Nc6 2. d4 d5 3. g3 Nf6 4. Bg2 Bg4 5. O-O Bxf3 6. Bxf3 h5 7. h4 e5 8. dxe5 Nxe5 9. Bg5 Qd6 10.
Bxf6 gxf6 11. Qxd5 O-O-O 12. Qxb7+ Kd7 13. Nc3 Nxf3+ 14. Qxf3 Qe6 15. Rad1+ Bd6 16. Ne4 Ke7 17. Nxd6 cxd6 18. b3 Rhg8 19. Rd3 Qg4 20. Qxg4 hxg4 21. e4 Ke6 22. Rfd1 Ke5 23.
Kg2 Rh8 24. c4 Rd7 25. c5 Kxe4 26. Rxd6 Rxd6 27. Rxd6 Ke5 28. f4+ gxf3+ 29. Kxf3 Rc8 30. b4 a5 31. a3 axb4 32. axb4 Rb8 33.
Rb6 Ra8 34. c6 Ra3+ 35. Kg4 f5+ 36.
Kh5 Rxg3 37. b5 Kd6 38. Rb7 Rg7 39. Kh6 Rg4 40. h5 Ke6 41. b6 Rg8 42. Kh7 Rg5 43. h6 f4 44. Ra7 Rb5 45.
c7 Kd7 46. Kg7 f5 47. h7 1-0

[Event "NM-Senior Hurtig 2018"]
[Site "Frimurer Logen, Norway"]
[Date "2018.11.11"]
[Round "6.6"]
[White "Ugland, Torge"]
[Black "Ringstad, Åge"]
[Result "1-0"]
[TimeControl "20 + 10"]
[WhiteElo "1646"]
[BlackElo "1461"]

1. e4 e6 2. d4 Nf6 3. Nc3 Bb4 4. f3 O-O 5. Be3 Bxc3+ 6. bxc3 d6 7. Bd3 e5 8. Ne2 h6 9. O-O Nbd7 10.
Qe1 Re8 11. Qh4 Nf8 12. Qg3 Ng6 13. Bc4 Nh5 14. Qxg6 Be6 15. Bxe6 Rxe6 16. Qxh5 Rg6 17. f4 Qd7 18. f5 Rf6 19.
Rf3 Kh7 20. Raf1 Re8 21. g4 Kg8 22. g5 g6 23. Qxh6 1-0

[Event "NM-Senior Hurtig 2018"]
[Site "Frimurer Logen, Norway"]
[Date "2018.11.11"]
[Round "6.8"]
[White "Lea, Per"]
[Black "Synnestvedt, Jan"]
[Result "0-1"]
[TimeControl "20 + 10"]
[WhiteElo "1673"]
[BlackElo "1941"]

1. e4 e6 2. d4 d5 3. Nc3 Nf6 4. Bg5 dxe4 5. Nxe4 Be7 6. Nxf6+ Bxf6 7. Bxf6 Qxf6 8. Nf3 O-O 9. Bd3 c5 10. O-O Nc6 11. c3 cxd4 12. Nxd4 Nxd4 13. cxd4 Rd8 14. Qc2 h6 15.
Rfd1 Bd7 16. Be4 Rac8 17. Qb3 b6 18. d5 Qe5 19. dxe6 Bxe6 20. Rxd8+ Rxd8 21. Qc2 Rc8 22. Qe2 Bf5 23.
f3 Bxe4 24. fxe4 Qd4+ 25. Kf1 Re8 26. Re1 Re5 27. Rd1 Qa4 28. b3 Qe8 29. Rd4 Qe7 30. Kf2 Qh4+ 31. Kf3 Qxh2 32. g3 Qh5+ 33. g4 Qh3+ 34. Kf4 f6 35. Qf3 Qh2+ 36. Ke3 Qxa2 37. Rd8+ Kh7 38. Rd3 Qa1 39.
Kf2 a5 40. Qe3 b5 41. Rd5 a4 42. bxa4 bxa4 43. Rd3 Qb2+ 44. Kf3 Qh2 45. Rd2 Qh3+ 46. Ke2 Qxe3+ 47. Kxe3 Ra5 48. Ra2 Kg6 49. Kf4 a3 50.
Ra1 0-1

[Event "NM-Senior Hurtig 2018"]
[Site "Frimurer Logen, Norway"]
[Date "2018.11.11"]
[Round "6.9"]
[White "Jansson, Helge"]
[Black "Taksrud, Vidar"]
[Result "0-1"]
[TimeControl "20 + 10"]
[WhiteElo "1712"]
[BlackElo "1861"]

1. e4 c5 2. Nc3 Nc6 3. f4 e6 4. Bb5 d5 5. Bxc6+ bxc6 6. Nf3 Nf6 7. e5 d4 8. exf6 dxc3 9.
O-O gxf6 10. dxc3 Ba6 11. Re1 Qxd1 12. Rxd1 Rg8 13. Be3 Be2 14. Nd2 Bxd1 15. Rxd1 O-O-O 16. Rb1 Be7 17. Kf2 h5 18.
Nc4 Rd5 19. b4 cxb4 20. Bxa7 Bc5+ 21. Bxc5 Rxc5 22. Nd6+ Kc7 23. Ne4 Rc4 24. Rxb4 Rxb4 25. cxb4 f5 26. Nc5 Rd8 27. Ke2 Rd4 28.
Nd3 f6 29. a3 e5 30. g3 Rc4 31. Kd2 e4 32. Nc5 Kd6 33. h3 Rxc5 34. bxc5+ Kxc5 35. Kc3 Kb5 36. Kd4 Ka4 37. c3 Kxa3 38.
h4 c5+ 39. Ke3 Kb3 40. Kd2 c4 0-1

[Event "NM-Senior Hurtig 2018"]
[Site "Frimurer Logen, Norway"]
[Date "2018.11.11"]
[Round "6.10"]
[White "Larsen, Arild"]
[Black "Bjørgvik, Jan Arne"]
[Result "1-0"]
[TimeControl "20 + 10"]
[WhiteElo "1858"]
[BlackElo "1723"]

1. d4 Nf6 2. c4 d6 3. Nc3 Nbd7 4. e4 e5 5. Nge2 a5 6. f3 Be7 7. Be3 O-O 8. Qd2 exd4 9. Nxd4 Ne5 10.
Be2 c6 11. O-O Qc7 12. Rac1 Be6 13. b3 Rad8 14. Nd5 Bxd5 15. cxd5 c5 16. Nf5 Ne8 17. Nxe7+ Qxe7 18. Qxa5 Nc7 19.
Qd2 f5 20. Bg5 Qd7 21. Bxd8 Qxd8 22. Rcd1 f4 23. Qa5 Qe7 24. a4 h5 25. h3 g5 26. Kf2 Ne8 27. Ke1 Nf6 28. Kd2 g4 29.
hxg4 hxg4 30. Kc2 Rc8 31. Kb2 c4 32. Rc1 Nd3+ 33. Bxd3 Qe5+ 34. Qc3 Qe7 35. Bxc4 Qd8 1-0

[Event "NM-Senior Hurtig 2018"]
[Site "Frimurer Logen, Norway"]
[Date "2018.11.11"]
[Round "6.11"]
[White "Smedby, Ole"]
[Black "Wibe, Per H."]
[Result "1-0"]
[TimeControl "20 + 10"]
[WhiteElo "1823"]
[BlackElo "1607"]

1. e4 c6 2. d4 d5 3. e5 e6 4. Bd3 c5 5. c3 cxd4 6. cxd4 Nc6 7. Nf3 Bd7 8. Nc3 Qb6 9. Bc2 Rc8 10.
a3 Nge7 11. O-O Nf5 12. Bxf5 exf5 13. Nxd5 Qa5 14. Nc3 Be6 15. d5 Rd8 16. Bg5 Be7 17. Bxe7 Nxe7 18. b4 Qa6 19. d6 Ng6 20.
Qa4+ Qxa4 21. Nxa4 b6 22. Rac1 O-O 23. Rc7 Rd7 24. Rfc1 Rfd8 25. Nb2 h6 26. g3 Bd5 27. Nd4 Nxe5 28.
Nxf5 Be6 29. Ne7+ Kh7 30. f4 Nf3+ 31. Nc6 Nd4 1-0